 Dungeon Crawl Stone Soup version 0.20.1-1-g8b1a95d (webtiles) character file.

72 grizmgrazm2 the Sneak (level 4, -7/30 HPs)
             Began as a Vampire Enchanter on Aug 27, 2017.
             Killed by divine providence
             ... invoked by an orc priest
              (15 damage)
             ... on level 2 of the Dungeon.
             The game lasted 00:05:53 (2083 turns).

grizmgrazm2 the Sneak (Vampire Enchanter)           Turns: 2083, Time: 00:05:55

Health: -7/30      AC:  2    Str:  7    XL:     4   Next: 6%
Magic:  5/7        EV: 13    Int: 18    God:
Gold:   47         SH:  0    Dex: 14    Spells: 2/8 levels left

rFire    . . .     SeeInvis +   k - +1 dagger (freeze)
rCold    + + .     Gourm    .   (no shield)
rNeg     + + +     Faith    .   b - +0 robe
rPois    ∞         Spirit   .   (no helmet)
rElec    .         Reflect  .   (no cloak)
rCorr    .         Harm     .   (no gloves)
MR       .....                  (no boots)
Stlth    +++++.....             (no amulet)
Regen    0.0/turn               (no ring)
MPRegen  0.1/turn               (no ring)

@: bloodless, non-regenerating
A: fangs 3, see invisible, unbreathing
a: Bat Form


You were on level 2 of the Dungeon.
You were bloodless.

You visited 1 branch of the dungeon, and saw 3 of its levels.

You collected 47 gold pieces.

Inventory:

Hand Weapons
 a - a +1 dagger
 k - a +1 dagger of freezing (weapon)
Armour
 b - a +0 robe (worn)
Jewellery
 j - an uncursed ring of teleportation
Scrolls
 h - a scroll of remove curse
 i - 2 scrolls of identify
 l - 2 scrolls of recharging
Potions
 d - 10 potions of blood
 m - a potion of brilliance
Books
 c - a book of Maledictions

   Spells                             Type                      Level
   a - Corona                         Hexes                        1
   b - Ensorcelled Hibernation        Hexes/Ice                    2
   c - Confuse                        Hexes                        3
   d - Tukima's Dance                 Hexes                        3
   e - Dazzling Spray                 Conjuration/Hexes            3


   Skills:
 + Level 0.1 Fighting
 + Level 1.4 Short Blades
 + Level 2.5 Dodging
 + Level 6.1 Stealth
 + Level 2.5 Spellcasting
 + Level 4.8 Hexes
 + Level 0.2 Ice Magic


You had 2 spell levels left.
You knew the following spells:

 Your Spells              Type           Power        Failure   Level  Hunger
a - Ensorcelled Hibernat  Hex/Ice        ##....       9%          2    ##.....
b - Confuse               Hex            ###.....     7%          3    ###....
c - Corona                Hex            ###....      2%          1    #......


Dungeon Overview and Level Annotations

Branches:
Dungeon (3/15)

Altars:


Innate Abilities, Weirdness & Mutations

You do not heal naturally.
You are immune to poison.
You have razor-sharp teeth.
You have supernaturally acute eyesight. (SInv)
You can survive without breathing.


Message History

* * * LOW HITPOINT WARNING * * *
The jackal bites you but does no damage.
The jackal misses you. The hobgoblin misses you.
The orc priest looks braver for a moment.
The orc hits you with a short sword.
* * * LOW HITPOINT WARNING * * *
You feel better.
The jackal bites you but does no damage.
The jackal closely misses you. The hobgoblin barely misses you.
The orc priest misses you.
The jackal bites you but does no damage.
The orc hits you with a short sword.
You barely miss the jackal. The jackal bites you.
The jackal closely misses you. The hobgoblin hits you.
* * * LOW HITPOINT WARNING * * *
The jackal closely misses you.
The orc priest calls down the wrath of Beogh upon you.
Beogh smites you!
Ouch! That really hurt!
You die...

###########
##.........#
#.......##.#
#..##...##)####
#..#.......%..#
#..#.....#.##.#
#.o#g....)..#.######
#.h@h.............(#
####o###.####.####.#
#...# #.####.# #.#
#...# #......# #.#
#...# ###########..
##.#### #.....####
#....# #..>..###
####.# #.......# #.#
#.....#.#


You could see an orc priest, an orc, 2 jackals and a hobgoblin.

Vanquished Creatures
  An adder (D:2)
  A worm (D:2)
  3 dart slugs
  2 leopard geckos (D:2)
  An orc (D:2)
  10 bats
  3 giant cockroaches
  10 goblins
  3 hobgoblins
  5 kobolds
  4 frilled lizards
  7 rats
50 creatures vanquished.

Notes
Turn   | Place    | Note
-------+----------+-------------------------------------------
     0 | D:1      | grizmgrazm2 the Vampire Enchanter began the quest for the Orb.
     0 | D:1      | Reached XP level 1. HP: 13/13 MP: 3/3
    60 | D:1      | Reached XP level 2. HP: 18/19 MP: 3/5
    64 | D:1      | Learned a level 2 spell: Ensorcelled Hibernation
   181 | D:1      | Reached skill level 5 in Stealth
  1014 | D:1      | Reached XP level 3. HP: 24/24 MP: 6/6
  1019 | D:1      | Learned a level 3 spell: Confuse
  1599 | D:2      | Reached skill level 6 in Stealth
  1760 | D:2      | Reached XP level 4. HP: 30/30 MP: 7/7
  2083 | D:2      | Killed from afar by an orc priest

Skill      XL: |  1  2  3 |
---------------+----------+-----
Stealth        | 5 6 |  6.1
Fighting       | |  0.1
Short Blades   | |  1.4
Dodging        | |  2.5
Spellcasting   | |  2.5
Hexes          | |  4.8
Ice Magic      | |  0.2

Action                   |  1- 3 |  4- 6 || total
-------------------------+-------+-------++-------
Melee: Dagger            |    72 |     5 ||    77
       Bite              |     7 |       ||     7
 Cast: Corona            |     3 |       ||     3
       Ensorcelled Hiber |    22 |     2 ||    24
       Confuse           |     1 |       ||     1
  Use: Scroll            |       |     6 ||     6
       Potion            |       |     4 ||     4
 Stab: Sleeping          |    35 |     3 ||    38
       Confused          |     2 |       ||     2
Armor: Robe              |    12 |     4 ||    16
Dodge: Dodged            |    33 |    14 ||    47
